 Dungeon Crawl Stone Soup version 0.29-a0-717-g6dac4ea423 (webtiles) character file.

Game seed: 7032750681621590248

66 porpoise the Caller (level 4, -1/27 HPs)
             Began as a Tengu Summoner on June 27, 2022.
             Slain by Terence
             ... wielding a +2 mace of venom
              (18 damage)
             ... on level 2 of the Dungeon.
             The game lasted 00:06:53 (1969 turns).

porpoise the Caller (Tengu Summoner)                Turns: 1969, Time: 00:06:55

Health: -1/27      AC:  2    Str: 10    XL:     4   Next: 15%
Magic:  3/8        EV: 12    Int: 22    God:
Gold:   142        SH:  0    Dex: 14    Spells: 2/8 levels left

rFire   . . .      SeeInvis .   a - +0 dagger
rCold   . . .      Faith    .   (no shield)
rNeg    . . .      Spirit   .   c - +0 robe
rPois   .          Reflect  .   (helmet restricted)
rElec   .          Harm     .   (no cloak)
rCorr   .          Rampage  .   (no gloves)
Will    .....                   (boots unavailable)
Stlth   ++........              p - amulet of regeneration
HPRegen 0.89/turn               e - +6 ring of intelligence
MPRegen 0.11/turn               (no ring)

@: lethally poisoned (-1 -> -3)
A: beak, talons 3
a: no special abilities


You were on level 2 of the Dungeon.
You visited 1 branch of the dungeon, and saw 2 of its levels.

You collected 142 gold pieces.

Inventory:

Hand Weapons
 a - a +0 dagger (weapon)
Missiles
 d - 2 throwing nets
 g - 4 boomerangs
 n - 4 javelins
Armour
 c - a +0 robe (worn)
Jewellery
 e - a +6 ring of intelligence (left hand)
 p - an amulet of regeneration (around neck)
Scrolls
 f - a scroll of fear {unknown}
 h - a scroll of amnesia {unknown}
 j - a scroll of enchant weapon {unknown}
 k - 2 scrolls of identify {unknown}
 l - a scroll of poison {unknown}
 o - a scroll of acquirement {unknown}
Potions
 b - a potion of magic
 i - 2 potions of flight {unknown}
 m - a potion of haste {unknown}


   Skills:
 * Level 2.4 Fighting
 - Level 2.1 Dodging
 - Level 2.0 Stealth
 + Level 2.5 Spellcasting
 + Level 5.3 Summonings


You had 2 spell levels left.
You knew the following spells:

 Your Spells              Type           Power      Damage    Failure   Level
a - Summon Small Mammal   Summ           100%       N/A       1%          1
b - Call Imp              Summ           26%        N/A       2%          2
c - Call Canine Familiar  Summ           26%        N/A       4%          3

Your spell library contained the following spells:

 Spells                   Type           Power      Damage    Failure   Level
 Sublimation of Blood     Necr           2%         N/A       21%         2
 Summon Guardian Golem    Hex/Summ       14%        N/A       13%         3
 Summon Lightning Spire   Summ/Air       14%        N/A       41%         4
 Petrify                  Tmut/Erth      2%         N/A       78%         4
 Irradiate                Conj/Tmut      1%         3d13      98%         5


Dungeon Overview and Level Annotations

Branches:
Dungeon (2/15)

Altars:

Shops:
D:2 *

Annotations:
D:2 Terence


Innate Abilities, Weirdness & Mutations

You have a beak for a mouth.
You have claws for feet.


Message History

p - an amulet of regeneration You start putting on your amulet.
You continue putting on your amulet of regeneration.
Your crimson imp blinks!
You continue putting on your amulet of regeneration. x4
You finish putting on your amulet of regeneration.
The amulet throbs as it attunes itself to your uninjured body.
p - an amulet of regeneration (around neck)
You now have 142 gold pieces (gained 11).
Terence the Incautious comes into view.
He is wielding a +2 mace of venom.
Terence shouts!
Casting: Call Imp (safe; 2% risk of failure)
Confirm with . or Enter, or press ? or * to list all spells.
Casting: Call Canine Familiar (dangerous; 4% risk of failure)
Confirm with . or Enter, or press ? or * to list all spells.
Casting: Summon Small Mammal (safe; 1% risk of failure)
Confirm with . or Enter, or press ? or * to list all spells.
Your hound closely misses Terence.
Terence hits your quokka with a +2 mace of venom.
Your quokka dies!
Your quokka's corpse disappears in a puff of smoke!
Your hound bites Terence but does no damage.
Your hound barely misses Terence.
Your hound bites Terence.
Your crimson imp hits Terence but does no damage.
Terence hits you with a +2 mace of venom!
You are poisoned.
You hit Terence but do no damage.
Terence is lightly wounded.
You feel very sick.
Your hound bites Terence but does no damage.
Terence drinks a potion.
Terence goes berserk!
Your crimson imp closely misses Terence.
You closely miss Terence. Your kick misses Terence.
Terence is lightly wounded.
You feel sick.
Your hound closely misses Terence.
Your quokka bites Terence but does no damage.
Terence hits you with a +2 mace of venom!!
Ouch! That really hurt!
You die...

###........# ##
#.......#### .#
#.#...#.##
.#######..#.#...#
...........∩....####
.###......#.#......##
.#####.#.#...#......##
.......#.........!...#
..##...........r@....#
..##.....##.....@5...#
.................h...#
..##.....##..........#
........####........##
.....†..## #........#
##...................
..........#..........#
...>.........


You could see Terence (berserk, ally target), a friendly hound (summoned), a
friendly crimson imp (summoned) and a friendly quokka (summoned).

Vanquished Creatures
  4 giant cockroaches
  3 hobgoblins
  2 jackals (D:2)
  2 quokkas (D:1)
  A ball python (D:1)
  2 bats
  A frilled lizard (D:2)
  2 kobolds
  A spectral hobgoblin (D:1)
18 creatures vanquished.

Vanquished Creatures (collateral kills)
  3 adders (D:2)
  A ball python (D:1)
  4 bats
  An endoplasm (D:1)
  A giant cockroach (D:1)
  A goblin (D:2)
  2 hobgoblins
  2 jackals (D:2)
  A frilled lizard (D:1)
  2 kobolds (D:2)
  A rat (D:2)
19 creatures vanquished.

Grand Total: 37 creatures vanquished

Notes
Turn   | Place    | Note
-------+----------+-------------------------------------------
     0 | D:1      | porpoise the Tengu Summoner began the quest for the Orb.
     0 | D:1      | Reached XP level 1. HP: 10/10 MP: 4/4
   274 | D:1      | Reached skill level 1 in Fighting
   274 | D:1      | Reached XP level 2. HP: 10/16 MP: 3/6
   389 | D:1      | Learned a level 2 spell: Call Imp
   456 | D:1      | Reached skill level 5 in Summonings
  1078 | D:1      | Found a faded altar of an unknown god.
  1317 | D:2      | Reached XP level 3. HP: 7/20 MP: 2/7
  1579 | D:2      | Learned a level 3 spell: Call Canine Familiar
  1802 | D:2      | Reached XP level 4. HP: 26/27 MP: 2/8
  1865 | D:2      | Found Qaov's General Store.
  1962 | D:2      | Noticed Terence
  1969 | D:2      | Slain by Terence

Illustrated notes

Levels and vault maps discovered:
D:1:      dpeg_arrival_signposts, layout_basic,
          dreamdust_ecumenical_altar_drowned_temple
D:2:      layout_rooms, serial_shops, nicolae_square_shop,
          nicolae_shop_advertising_works [nicolae_subvault_shop_adworks],
          nicolae_shop_trees, minmay_misc_feat_room, uniq_terence

Skill      XL: |  1  2  3 |
---------------+----------+-----
Fighting       | 1 2 |  2.4
Summonings     | 5 |  5.3
Dodging        | |  2.1
Stealth        | |  2.0
Spellcasting   | |  2.5

Action                   |  1- 3 |  4- 6 || total
-------------------------+-------+-------++-------
Melee: Dagger            |    52 |     4 ||    56
       Unarmed           |     2 |       ||     2
       Kick              |    13 |     1 ||    14
       Peck              |     2 |     1 ||     3
       Punch             |     1 |       ||     1
 Cast: Summon Small Mamm |    25 |     4 ||    29
       Call Imp          |     2 |     1 ||     3
       Call Canine Famil |     2 |     1 ||     3
 Stab: Sleeping          |     1 |       ||     1
Armor: Robe              |    14 |       ||    14
Dodge: Dodged            |    54 |       ||    54

Table legend: (Time is in decaauts)
 A = Elapsed time spent in this place.
 B = Non-inter-level travel time spent in this place.
 C = Inter-level travel time spent in this place.
 D = Time resting spent in this place.
 E = Time spent auto-exploring this place.
 F = Levels seen in this place.
 G = Mean time per level.
                   A        B        C        D        E       F      G
               +--------+--------+--------+--------+--------+-----+--------+
         Total |   1971 |   1933 |     38 |    724 |    942 |   2 |  985.5 |
       Dungeon |   1971 |   1933 |     38 |    724 |    942 |   2 |  985.5 |
               +--------+--------+--------+--------+--------+-----+--------+

Top non-repeatable levels by time:
     D:1: 1310 daAuts
     D:2: 660 daAuts
